 Dungeon Crawl Stone Soup version 0.29.1-15-g9cfb28693d (webtiles) character file.

Game seed: 3691739178482270991

37 promet the Shield-Bearer (level 3, -7/26 HPs)
             Began as an Octopode Fighter on Feb 25, 2023.
             Mangled by a gnoll
             ... wielding a +0 spear
              (9 damage)
             ... on level 2 of the Dungeon.
             The game lasted 00:04:40 (1644 turns).

promet the Shield-Bearer (Octopode Fighter)         Turns: 1644, Time: 00:04:41

Health: -7/26      AC:  1    Str: 13 (15) XL:     3   Next: 41%
Magic:  3/3        EV: 13    Int:  9 (12) God:
Gold:   52         SH:  4    Dex: 10 (11) Spells: 2/2 levels left

rFire   . . .      SeeInvis .   a - +0 trident
rCold   . . .      Faith    .   i - +0 buckler
rNeg    . . .      Spirit   .   (helmet restricted)
rPois   .          Reflect  .   (no amulet)
rElec   .          Harm     .   (no ring)
rCorr   .          Rampage  .   (no ring)
Will    .....                   (no ring)
Stlth   ++........              (no ring)
HPRegen 0.08/turn               (no ring)
MPRegen 0.08/turn               (no ring)
                                (no ring)
                                (no ring)

@: no status effects
A: almost no armour, amphibious, 8 rings, camouflage 1, gelatinous body 1,
(nimble swimmer 1), tentacles
a: no special abilities


You were on level 2 of the Dungeon.
You visited 1 branch of the dungeon, and saw 2 of its levels.

You collected 52 gold pieces.

Inventory:

Hand Weapons
 a - a +0 trident (weapon)
 b - a +1 sling
Missiles
 d - 22 stones (quivered)
Armour
 i - a +0 buckler (worn)
Potions
 c - a potion of might
 e - a potion of resistance {unknown}


   Skills:
 + Level 3.3 Fighting
 + Level 2.8 Polearms
 + Level 3.1 Dodging
 + Level 0.8 Stealth
 + Level 3.3 Shields


You had 2 spell levels left.
You didn't know any spells.
Your spell library was empty.

Dungeon Overview and Level Annotations

Branches:
Dungeon (2/15)

Altars:


Innate Abilities, Weirdness & Mutations

You cannot wear most types of armour.
You are amphibious.
You can wear up to eight rings at the same time.
Your skin changes colour to match your surroundings (Stealth+).
Your rubbery body absorbs attacks. (AC +1, EV +1)
((You are camouflaged when in or above water. (Stealth+)))
You have tentacles for arms and can constrict up to eight enemies at once.


Message History

You kill the ball python!
You start resting.
HP restored.
Done exploring.
There is an open door here.
There is a stone staircase leading down here.
You climb downwards.
Found 9 stones.
There is a stone staircase leading up here.
d - 22 stones (gained 9) 3 gnolls come into view.
The gnoll shouts! x2
The gnoll barely misses you.
You hit the gnoll but do no damage. You grab the gnoll. You squeeze the gnoll!
The gnoll is heavily wounded.
You constrict the gnoll, but do no damage.
The gnoll closely misses you. The gnoll hits you with a +0 club!
You hit the gnoll.
The gnoll is severely wounded.
You constrict the gnoll. You block the gnoll's attack.
The gnoll hits you with a +0 club.
You hit the gnoll.
The gnoll is almost dead.
You constrict the gnoll.
You kill the gnoll!
The gnoll completely misses you. You block the gnoll's attack.
Things that are here:
a +0 club; a gnoll corpse You barely miss the gnoll.
You grab the gnoll. You constrict the gnoll.
The gnoll hits you with a +0 spear!
You hit the gnoll.
The gnoll is heavily wounded.
You constrict the gnoll. The gnoll hits you with a +0 spear.
* * * LOW HITPOINT WARNING * * *
You hit the gnoll.
The gnoll is almost dead.
You constrict the gnoll, but do no damage.
The gnoll hits you with a +0 spear!
You die...

###########
#.........#
#.######.##
#.# #.# #.#
#.# #.# #.#
#.# #.#
#.######.#
#..@gg##.#
#####.##.#
#.#..#
#.#.##
#.#.# #.#.#
#.#.# #.#.#
######.#.#


You could see 2 gnolls.

Vanquished Creatures
  A gnoll (D:2)
  4 ball pythons (D:1)
  A bat (D:1)
  4 endoplasms (D:1)
  2 giant cockroaches (D:1)
  3 goblins (D:1)
  5 hobgoblins (D:1)
  A quokka (D:1)
  A frilled lizard (D:1)
  A rat (D:1)
23 creatures vanquished.

Notes
Turn   | Place    | Note
-------+----------+-------------------------------------------
     0 | D:1      | promet the Octopode Fighter began the quest for the Orb.
     0 | D:1      | Reached XP level 1. HP: 16/16 MP: 1/1
    95 | D:1      | Found a faded altar of an unknown god.
   493 | D:1      | Reached XP level 2. HP: 19/21 MP: 2/2
   978 | D:1      | Reached XP level 3. HP: 22/26 MP: 3/3
  1644 | D:2      | Mangled by a gnoll

Illustrated notes

Levels and vault maps discovered:
D:1:      saegor_arrival_simple_e, layout_basic,
          hellmonk_ecumenical_altar_slurped_away, chequers_avenue,
          minmay_small_reverse_x
D:2:      layout_basic, serial_shops, nicolae_shop_window_shopping

Action                   || total
-------------------------++-------
Melee: Trident           ||    59
       Constrict         ||    17
       Tentacles         ||     8
  Use: Scroll            ||     4
       Potion            ||     4
 Stab: Sleeping          ||     2
Armor: Skin              ||     4
Dodge: Dodged            ||    27
Block: Buckler           ||    12
